AoeStats
← grilly69

Arena

504965182Analyzed
3v3 RM · 27d ago on Sep 7, 2026· 59m 45s· 6 players
Game mode
Random Map
Map size
Normal (6 player)
Population
200
Speed
Normal
Resources
Standard
Victory
Conquest
Starting age
Dark Age
Ending age
Imperial Age
RankedLock teamsTeams togetherTeam positionsShared explorationLock speedFull tech treeHidden civsTurbo modeCheats
Victory
Defeat
🇻🇳 Britons · Vietnam
873
+10
🇷🇺 Slavs · Russia
812
+12
🇳🇿 Celts · New Zealand
725
+16
🇦🇺 Hindustanis · Australia
830
-16
🇦🇺 Khmer · Australia
757
-14
🇦🇺 Huns · Australia
606
-8
Lord Humungus
0:30 Loom
12:52 Feudal Age
14:13 Wheelbarrow
13:20 Horse Collar
13:28 Double-Bit Axe
18:41 Stone Mining
18:42 Gold Mining
19:10 Arson
25:56 Castle Age
24:24 Scale Mail Armor
24:39 Forging
27:02 Hand Cart
27:46 Bow Saw
27:38 Heavy Plow
27:59 Pikeman
32:30 Chain Mail Armor
32:51 Iron Casting
37:04 Stone Shaft Mining
37:07 Gold Shaft Mining
39:41 Imperial Age
37:16 Town Watch
39:56 Halberdier
41:41 Capped Ram
43:18 Plate Mail Armor
43:59 Caravan
50:56 Blast Furnace
50:10 Elite Woad Raider
51:10 Conscription
50:42 Stronghold
54:09 Onager
55:15 Siege Ram
ScottVector
9:43 Feudal Age
11:04 Wheelbarrow
10:20 Double-Bit Axe
10:31 Horse Collar
18:20 Castle Age
17:08 Gold Mining
17:08 Stone Mining
17:29 Stone Mining
19:24 Bow Saw
19:51 Gold Shaft Mining
19:24 Heavy Plow
22:38 Treadmill Crane
26:42 Caravan
26:55 Heated Shot
27:28 Ballistics
27:01 Fletching
27:11 Padded Archer Armor
27:01 Fletching
27:11 Padded Archer Armor
27:01 Fletching
28:49 Hand Cart
28:20 Loom
28:21 Town Watch
33:02 Imperial Age
30:52 Bodkin Arrow
31:12 Leather Archer Armor
30:53 Bodkin Arrow
31:13 Leather Archer Armor
30:53 Bodkin Arrow
31:13 Leather Archer Armor
31:09 Forging
31:44 Town Patrol
31:50 Heated Shot
34:01 Yeomen
34:49 Warwolf
35:14 Conscription
35:05 Elite Longbowman
37:17 Warwolf
37:31 Squires
36:52 Pikeman
37:18 Arson
37:57 Bracer
38:27 Ring Archer Armor
37:58 Bracer
38:28 Ring Archer Armor
39:06 Chemistry
40:38 Iron Casting
40:03 Scale Mail Armor
40:38 Iron Casting
40:03 Scale Mail Armor
40:38 Iron Casting
40:03 Scale Mail Armor
39:27 Halberdier
48:57 Blast Furnace
48:12 Chain Mail Armor
48:57 Blast Furnace
48:13 Chain Mail Armor
50:29 Masonry
50:25 Siege Engineers
50:15 Murder Holes
50:05 Arrowslits
50:31 Fortified Wall
50:11 Guard Tower
53:24 Elite Skirmisher
57:38 Keep
57:33 Architecture
57:10 Siphons
Jean_Batist_Amour
10:50 Feudal Age
11:18 Horse Collar
11:29 Double-Bit Axe
13:29 Horse Collar
20:17 Castle Age
19:08 Bloodlines
19:49 Forging
20:11 Gold Mining
20:31 Scale Barding Armor
21:35 Heavy Plow
22:05 Chain Barding Armor
25:59 Wheelbarrow
25:21 Stone Mining
25:47 Husbandry
27:56 Hand Cart
32:53 Imperial Age
30:10 Light Cavalry
31:31 Bow Saw
33:39 Iron Casting
33:07 Detinets
33:01 Cavalier
34:14 Caravan
34:51 Plate Barding Armor
35:06 Gold Shaft Mining
34:52 Hussar
37:01 Conscription
38:08 Blast Furnace
37:17 Elite Boyar
39:30 Pikeman
40:11 Squires
40:14 Scale Mail Armor
40:59 Halberdier
42:00 Chain Mail Armor
43:36 Two-Man Saw
52:36 Plate Mail Armor
neb
9:36 Feudal Age
10:05 Double-Bit Axe
10:32 Horse Collar
18:06 Castle Age
17:27 Loom
21:15 Bow Saw
21:42 Stone Mining
22:04 Heavy Plow
23:41 Gold Mining
25:15 Gold Shaft Mining
25:17 Stone Shaft Mining
31:17 Imperial Age
29:39 Bloodlines
29:30 Husbandry
32:04 Scale Barding Armor
32:09 Forging
32:14 Fortified Wall
32:49 Crop Rotation
32:52 Double Crossbow
33:51 Elite Ballista Elephant
35:32 Chain Barding Armor
35:47 Iron Casting
35:40 Town Watch
36:31 Wheelbarrow
36:23 Ballistics
37:35 Plate Barding Armor
40:52 Siege Engineers
41:47 Chemistry
46:26 Light Cavalry
49:57 Blast Furnace
Road Runner
5:21 Loom
11:51 Feudal Age
12:12 Horse Collar
20:28 Castle Age
19:02 Stone Mining
19:04 Gold Mining
19:54 Double-Bit Axe
20:55 Bloodlines
21:54 Husbandry
27:11 Forging
27:06 Scale Barding Armor
36:07 Imperial Age
35:21 Iron Casting
35:06 Chain Barding Armor
34:37 Fletching
34:47 Padded Archer Armor
37:14 Heavy Plow
37:51 Gold Shaft Mining
37:53 Stone Shaft Mining
37:06 Crossbowman
37:51 Thumb Ring
37:07 Elite Skirmisher
37:39 Heavy Camel Rider
39:39 Grand Trunk Road
41:28 Imperial Camel Rider
grilly69
10:48 Feudal Age
12:12 Wheelbarrow
11:21 Horse Collar
11:28 Double-Bit Axe
12:40 Gold Mining
20:00 Stone Mining
22:13 Castle Age
20:43 Scale Barding Armor
20:41 Padded Archer Armor
20:56 Forging
26:04 Bow Saw
26:32 Gold Shaft Mining
25:59 Heavy Plow
26:25 Padded Archer Armor
26:16 Fletching
26:46 Chain Barding Armor
28:27 Husbandry
28:38 Bloodlines
30:35 Leather Archer Armor
30:16 Bodkin Arrow
30:57 Iron Casting
36:14 Imperial Age
36:25 Cavalier
38:54 Paladin
43:40 Heavy Cavalry Archer
Connection lost

Rejoining the realm…

Still unreachable

The connection could not be restored.

Session expired

The server has moved on; the page needs a fresh start.